 Dungeon Crawl Stone Soup version 0.18-a0-1235-gec8ae2b (webtiles) character file.

1465 Wallaby3 the Conjurer (level 8, -5/48 HPs)
             Began as a Tengu Air Elementalist on Feb 4, 2016.
             Was an Initiate of Sif Muna.
             Slain by an orc warrior
             ... wielding a +0 dire flail
              (20 damage)
             ... on level 6 of the Dungeon.
             The game lasted 00:33:45 (6380 turns).

Wallaby3 the Conjurer (Tengu Air Elementalist)      Turns: 6380, Time: 00:33:45

Health: -5/48      AC:  6    Str: 10    XL:     8   Next: 77%
Magic:  10/15      EV: 11    Int: 17    God:    Sif Muna [......]
Gold:   205        SH:  0    Dex: 16    Spells: 3 memorised, 10 levels left

rFire  + . .     SeeInvis .     f - +3 flail (venom)
rCold  . . .     Gourm    .     i - +1 ring mail
rNeg   . . .     Faith    .     (no shield)
rPois  .         Spirit   .     (helmet restricted)
rElec  .         Dismiss  .     (no cloak)
rCorr  .         Reflect  .     (no gloves)
SustAt .         Harm     .     (boots unavailable)
MR     .....                    x - amulet of magic regeneration
Stlth  +.........               (no ring)
                                (no ring)

@: not resistant to hostile enchantments, very unstealthy
A: beak, talons 3, fire resistance 1, strong 1, subdued magic 1, able to fly 1
a: Fly, Renounce Religion


You were on level 6 of the Dungeon.
You worshipped Sif Muna.
Sif Muna was noncommittal.
You were near starving.

You visited 2 branches of the dungeon, and saw 8 of its levels.
You also visited: Ossuary.

You collected 205 gold pieces.

Inventory:

Hand Weapons
 f - a +3 flail of venom (weapon)
 v - a +2 flail of protection
Missiles
 j - 4 poisoned javelins (quivered)
Armour
 a - a +0 robe
 i - a +1 ring mail (worn)
Jewellery
 x - an amulet of magic regeneration (around neck)
Scrolls
 d - 3 scrolls of identify
 g - 2 scrolls of fear
 q - 5 scrolls of random uselessness
 r - a scroll of magic mapping
 s - a scroll of remove curse
 u - 4 scrolls of noise
 y - 5 scrolls of immolation
 z - a scroll of amnesia
 A - 2 scrolls of recharging
Potions
 e - a potion of flight
 k - a potion of cure mutation {unknown}
 o - a potion of brilliance
 p - 2 potions of magic
 t - a potion of curing
Books
 b - a book of Air

   Spells                             Type                      Level
   a - Shock                          Conjuration/Air              1
   b - Swiftness                      Charms/Air                   2
   c - Repel Missiles                 Charms/Air                   2
   d - Static Discharge               Conjuration/Air              3
   e - Lightning Bolt                 Conjuration/Air              5
 m - a book of Geomancy

   Spells                             Type                      Level
   a - Sandblast                      Earth                        1
   b - Stoneskin                      Transmutation/Earth          2
   c - Passwall                       Transmutation/Earth          3
   d - Stone Arrow                    Conjuration/Earth            3
   e - Petrify                        Transmutation/Earth          4
   f - Lee's Rapid Deconstruction     Earth                        5
 n - a book of the Tempests

   Spells                             Type                      Level
   a - Static Discharge               Conjuration/Air              3
   b - Lightning Bolt                 Conjuration/Air              5
   c - Fireball                       Conjuration/Fire             5
   d - Tornado                        Air                          9
   e - Shatter                        Earth                        9
 w - a book of Cantrips

   Spells                             Type                      Level
   a - Corona                         Hexes                        1
   b - Animate Skeleton               Necromancy                   1
   c - Summon Small Mammal            Summoning                    1
   d - Apportation                    Translocation                1
Comestibles
 c - 6 bread rations
 h - 2 meat rations
 l - a slice of pizza


   Skills:
 + Level 3.8 Fighting
 * Level 5.9 Maces & Flails
 - Level 2.1 Dodging
 - Level 2.0 Stealth
 - Level 4.0 Spellcasting
 - Level 7.2 Conjurations
 + Level 6.8 Air Magic


You had 10 spell levels left.
You knew the following spells:

 Your Spells              Type           Power        Failure   Level  Hunger
a - Shock                 Conj/Air       ###.         1%          1    None
b - Swiftness             Chrm/Air       ##......     9%          2    ##.....
c - Repel Missiles        Chrm/Air       ##....       9%          2    ##.....


Dungeon Overview and Level Annotations

Branches:
Dungeon (7/15)             Temple (1/1) D:5

Altars:
Ashenzari
Dithmenos
Elyvilon
Fedhas
Gozag
Makhleb
Nemelex Xobeh
Okawaru
Pakellas
Qazlal
Sif Muna
Trog
Vehumet
Yredelemnul
Zin
The Shining One


Innate Abilities, Weirdness & Mutations

You have a beak for a mouth.
You have claws for feet.
You can fly.
Your flesh is heat resistant.
Your muscles are strong. (Str +2)
Your spells are a little easier to cast, but a little less powerful.


Message History

The zap hits the orc warrior.
The orc warrior is moderately wounded.
The orc warrior barely misses you.
Casting: Shock
Confirm with . or Enter, or press ? or * to list all spells.
Aiming: Shock
Press: ? - help, Shift-Dir - straight line, f/p - orc warrior
Aim: an orc warrior, wielding a dire flail and wearing a chain mail (moderately wounded)
The zap hits the orc warrior.
The orc warrior is severely wounded.
The orc warrior closely misses you.
Casting: Shock
Confirm with . or Enter, or press ? or * to list all spells.
Aiming: Shock
Press: ? - help, Shift-Dir - straight line, f/p - orc warrior
Aim: an orc warrior, wielding a dire flail and wearing a chain mail (severely wounded)
The zap hits the orc warrior.
The orc warrior is severely wounded.
The orc warrior hits you with a dire flail!!
You die...

..##.# #######..........
..##.#################.#.#.#..#.#
..##..................###....#...
..##.##########..#####.#.#.####.#
..##.# ######..######.##.# #.#
.....# #............#.##.# #.#
.....# #.####..####......# #.#
..##.# #o.# ###.##.# #.# ..##.#
#.@# #.##.# #.# #..#.# #..#
#.##.# #.. ...#.# #..# #.##.# #.#
##.#.. #.## #.##.# #.# .. ###.
#.# #.##.# #.#
.#.###.#######.##.# #.#
##..........5.o......# #.#
#...#..............### #.#
..⌠.#...##.###.###.######.#


You could see an orc warrior.

Vanquished Creatures
  The ghost of coatel the Chopper, an amateur DsWn (D:4)
  Grinder (D:3)
  A phantom (D:4)
  The ghost of TheOrbIsALie the Conjurer, an amateur DsWz (D:3)
  2 scorpions (D:4)
  A crimson imp (D:7)
  A human zombie (Ossuary)
  A centaur zombie (Ossuary)
  3 orc priests
  An orc wizard (D:4)
  A giant frog zombie (D:6)
  A gnoll shaman (D:5)
  A centaur skeleton (D:4)
  A giant frog skeleton (D:4)
  Jessica (D:2)
  An iguana (D:4)
  Natasha (thrice) (D:4)
  3 worker ants
  A big kobold zombie (Ossuary)
  4 mummies (Ossuary)
  5 gnolls (D:5)
  3 adders (D:2)
  2 oozes (D:3)
  4 worms
  A giant gecko (D:1)
  24 orcs
  2 ball pythons (D:2)
  2 gnoll zombies (Ossuary)
  4 goblins
  8 hobgoblins
  20 jackals
  A kobold (D:1)
  2 quokkas
  9 bats
  5 giant newts
  2 hobgoblin zombies (Ossuary)
  An orc zombie (Ossuary)
  3 rats
  A butterfly (D:5)
129 creatures vanquished.

Notes
Turn   | Place    | Note
--------------------------------------------------------------
     0 | D:1      | Wallaby3 the Tengu Air Elementalist began the quest for the Orb.
     0 | D:1      | Reached XP level 1. HP: 10/10 MP: 4/4
   184 | D:1      | Reached XP level 2. HP: 4/15 MP: 0/6
   786 | D:1      | Reached XP level 3. HP: 19/19 MP: 4/7
   853 | D:1      | Learned a level 2 spell: Swiftness
   856 | D:1      | Learned a level 2 spell: Repel Missiles
  1254 | D:2      | Noticed Jessica
  1258 | D:2      | Killed Jessica
  1258 | D:2      | Reached skill level 5 in Air Magic
  1258 | D:2      | Reached XP level 4. HP: 24/24 MP: 3/8
  2087 | D:3      | Gained mutation: You can fly. [Tengu growth]
  2087 | D:3      | Reached XP level 5. HP: 25/28 MP: 9/9
  2118 | D:3      | Found a shattered altar of Ashenzari.
  2248 | D:3      | Reached skill level 5 in Conjurations
  2291 | D:3      | Noticed Grinder
  2295 | D:3      | Paralysed by Grinder for 7 turns
  2681 | D:4      | Reached skill level 6 in Air Magic
  2758 | D:4      | Noticed coatel's ghost (amateur DsWn)
  2849 | D:3      | Paralysed by Grinder for 6 turns
  2858 | D:3      | Killed Grinder
  2858 | D:3      | Reached skill level 7 in Conjurations
  2858 | D:3      | Reached XP level 6. HP: 24/32 MP: 1/10
  2924 | D:3      | Reached XP level 7. HP: 33/37 MP: 0/11
  3100 | D:3      | Noticed TheOrbIsALie's ghost (amateur DsWz)
  3110 | D:3      | Killed TheOrbIsALie's ghost
  3110 | D:3      | Reached skill level 1 in Fighting
  3110 | D:3      | Reached skill level 1 in Maces & Flails
  3551 | D:4      | Killed coatel's ghost
  3659 | D:4      | Noticed Natasha
  3666 | D:4      | Killed Natasha
  3725 | D:4      | Reached XP level 8. HP: 28/45 MP: 9/13
  3893 | D:4      | Noticed Natasha
  3898 | D:4      | Killed Natasha
  3904 | D:4      | Noticed Natasha
  3910 | D:4      | Killed Natasha
  4237 | D:4      | Found a shadowy altar of Dithmenos.
  4423 | D:5      | Entered Level 5 of the Dungeon
  4495 | D:5      | Found a sparkling altar of Nemelex Xobeh.
  4499 | D:5      | Found a staircase to the Ecumenical Temple.
  4504 | D:5      | Reached skill level 5 in Maces & Flails
  4574 | Temple   | Entered the Ecumenical Temple
  4806 | Temple   | Became a worshipper of Sif Muna the Loreminder
  4847 | D:5      | Found a sand-covered staircase.
  4854 | Ossuary  | Entered an ossuary
  5123 | Ossuary  | Gained mutation: Your flesh is heat resistant. [potion of mutation]
  5123 | Ossuary  | Gained mutation: Your spells are a little easier to cast, but a little less powerful. [potion of mutation]
  5123 | Ossuary  | Gained mutation: Your muscles are strong. (Str +2) [potion of mutation]
  5922 | D:6      | Found a glowing silver altar of Zin.
  6016 | D:6      | Upgraded the game from 0.18-a0-1229-ge9a1a01 to 0.18-a0-1235-gec8ae2b
  6380 | D:6      | Slain by an orc warrior

Vault maps used:
D:1:      evilmike_arrival_hilbert_curve
D:2:      uniq_jessica
D:3:      ashenzari_altar_1, uniq_grinder
D:4:      grunt_dithmenos_shadows, lemuel_another_geyser, uniq_natasha
D:5:      nemelex_xobeh_ov_fountains_minmay, minmay_temple_entry_butterflies,
          chequers_ossuary_entry_cave, first_bread
D:6:      kiku_gazebo_pond_becter, kennysheep_mini,
          gammafunk_temple_overflow_statue
D:7:      tso_altar
Temple:   eino_temple_water_12
Ossuary:  ossuary_crypta

Action                   |  1- 3 |  4- 6 |  7- 9 || total
-------------------------+-------+-------+-------++-------
Melee: Club              |    18 |     8 |       ||    26
       Flail             |       |    33 |    96 ||   129
 Cast: Shock             |    45 |    96 |   110 ||   251
       Swiftness         |       |       |     1 ||     1
  Use: Scroll            |     2 |     1 |    12 ||    15
       Potion            |       |     3 |    10 ||    13
 Stab: Sleeping          |     2 |     1 |       ||     3
       Distracted        |       |       |     1 ||     1
  Eat: Chunk             |     2 |     4 |     9 ||    15
       Pizza             |       |     1 |       ||     1
       Beef jerky        |       |       |     1 ||     1
